 Dungeon Crawl Stone Soup version 0.24.0-1-gfbc8707122 (webtiles) character file.

Game seed: 15064217612658533430, levelgen mode: deterministic

519 Amplified the Charmwright (level 7, -4/42 HPs)
             Began as a Gargoyle Skald on Oct 26, 2019.
             Was a Follower of Okawaru.
             Slain by an ice beast (13 damage)
             ... on level 5 of the Dungeon.
             The game lasted 00:08:23 (4378 turns).

Amplified the Charmwright (Gargoyle Skald)          Turns: 4378, Time: 00:08:23

Health: -4/42      AC: 15    Str: 14    XL:     7   Next: 21%
Magic:  11/11      EV:  9    Int: 14    God:    Okawaru [*.....]
Gold:   244        SH:  0    Dex:  9    Spells: 3/12 levels left

rFire    + + .     SeeInvis .   e - +1 mace (holy)
rCold    . . .     Gourm    .   (no shield)
rNeg     + . .     Faith    .   m - +0 chain mail {rF+}
rPois    ∞         Spirit   .   a - +0 helmet
rElec    +         Reflect  .   (no cloak)
rCorr    .         Harm     +   (no gloves)
MR       .....                  f - +0 pair of boots (curse)
Stlth    ..........             i - amulet of harm
HPRegen  0.14/turn              k - +3 ring of evasion
MPRegen  0.12/turn              (no ring)

@: no status effects
A: fire resistance 1, negative energy resistance 1, electricity resistance, weak
1, unbreathing, petrification resistance, rot immunity, AC +4
a: Heroism, Renounce Religion


You were on level 5 of the Dungeon.
You worshipped Okawaru.
Okawaru was aware of your devotion.
You were not hungry.

You visited 2 branches of the dungeon, and saw 6 of its levels.

You collected 244 gold pieces.

Inventory:

Hand Weapons
 e - a +1 mace of holy wrath (weapon)
Armour
 a - a +0 helmet (worn)
 f - a cursed +0 pair of boots (worn)
 m - a +0 chain mail of fire resistance (worn)
Jewellery
 h - a cursed +3 amulet of reflection
 i - an amulet of harm (around neck)
 k - a +3 ring of evasion (left hand)
Wands
 n - a wand of flame (12)
Scrolls
 g - 3 scrolls of remove curse
 l - a scroll of fear
Potions
 b - a potion of flight
 j - a potion of resistance
 o - a potion of haste
Comestibles
 d - 13 rations


   Skills:
 + Level 3.7 Fighting
 * Level 3.9 Maces & Flails
 - Level 2.1 Armour
 - Level 1.5 Dodging
 - Level 3.2 Spellcasting
 - Level 2.3 Hexes
 - Level 4.0 Charms
 * Level 1.6 Invocations


You had 3 spell levels left.
You knew the following spells:

 Your Spells              Type           Power        Failure   Level  Hunger
a - Confusing Touch       Hex            #.....       91%         1    #......
b - Spectral Weapon       Hex/Chrm       ##......     99%         3    ###....
c - Regeneration          Chrm/Necr      #.........   100%        3    ###....
d - Song of Slaying       Chrm           ##......     85%         2    ##.....

Your spell library contained the following spells:

 Spells                   Type           Power        Failure   Level  Hunger
 Infusion                 Chrm           ##..         71%         1    #......
 Shroud of Golubria       Chrm/Tloc      #.....       98%         2    ##.....
 Confuse                  Hex            #.......     99%         3    ###....
 Gell's Gravitas          Tloc           #.........   100%        3    ###....
 Petrify                  Tmut/Erth      #.......     100%        4    #####..
 Metabolic Englaciation   Hex/Ice        #.........   100%        5    ######.
 Yara's Violent Unravell  Hex/Tmut       #.........   100%        5    ######.


Dungeon Overview and Level Annotations

Branches:
Dungeon (5/15)             Temple (1/1) D:4

Altars:
Ashenzari
Cheibriados
Elyvilon
Fedhas
Gozag
Hepliaklqana
Makhleb
Okawaru
Qazlal
Trog
Uskayaw
Wu Jian
Xom
Yredelemnul
Zin
The Shining One

Annotations:
D:3 1 runed translucent door, Froggeryz's ghost, amateur NaIE


Innate Abilities, Weirdness & Mutations

You are resistant to torment.
Your stone body is resilient. (AC +4)
You are immune to poison.
You resist negative energy. (rN+)
You are resistant to electric shocks. (rElec)
You can survive without breathing.
You are immune to petrification.
You are immune to rotting.
Your flesh is heat resistant. (rF+)
You are weak. (Str -2)


Message History

The ice beast hits you. The ice beast freezes you!
You hit the ice beast but do no damage.
The ice beast is severely wounded.
The ice beast closely misses you.
You hit the ice beast but do no damage.
The ice beast is severely wounded.
The ice beast hits you but does no damage.
You hit the ice beast.
The ice beast is severely wounded.
The ice beast hits you but does no damage.
The crimson imp barely misses you.
You hit the ice beast but do no damage.
The ice beast is severely wounded.
The ice beast hits you. The ice beast freezes you!
* * * LOW HITPOINT WARNING * * *
The crimson imp hits you but does no damage.
The crimson imp misses you. The ice beast hits you.
* * * LOW HITPOINT WARNING * * *
The ice beast freezes you!
You die...

#.........######♣..♣♣###.
#.................♣###...
#................###.....
#....................'...
#...............#....#...
#...............#'####...
..........#####.......##
......5...# #.......#.
.......@..# #.......#.
......Y...# #.......#.
..........# #.......'.
......$...# #.......#†
..........# #.......#.
..........# #.........
......!...# ##########
..........#


You could see an ice beast and a crimson imp.

Vanquished Creatures
  A scorpion (D:5)
  A crimson imp (D:4)
  3 hounds
  3 orc wizards (D:5)
  A hound zombie (D:5)
  6 gnolls
  7 adders
  3 worms
  5 dart slugs
  A leopard gecko (D:4)
  12 orcs
  2 ball pythons (D:1)
  5 giant cockroaches
  10 hobgoblins
  11 jackals
  7 kobolds
  A quokka (D:3)
  12 bats
  10 frilled lizards
  12 goblins
  A jackal skeleton (D:4)
  A leopard gecko zombie (D:5)
  5 rats
120 creatures vanquished.

Vanquished Creatures (others)
  2 withered plants (D:3)
2 creatures vanquished.

Grand Total: 122 creatures vanquished

Notes
Turn   | Place    | Note
-------+----------+-------------------------------------------
     0 | D:1      | Amplified the Gargoyle Skald began the quest for the Orb.
     0 | D:1      | Reached XP level 1. HP: 12/12 MP: 3/3
   121 | D:1      | Reached XP level 2. HP: 13/18 MP: 5/5
   489 | D:1      | Reached XP level 3. HP: 22/22 MP: 6/6
   821 | D:2      | Learned a level 3 spell: Spectral Weapon
  1092 | D:2      | Reached skill level 3 in Charms
  1198 | D:2      | Reached XP level 4. HP: 26/27 MP: 7/7
  1478 | D:3      | Learned a level 1 spell: Confusing Touch
  1482 | D:3      | Learned a level 3 spell: Regeneration
  1539 | D:3      | Reached skill level 1 in Hexes
  1549 | D:3      | Reached XP level 5. HP: 32/32 MP: 8/8
  1589 | D:4      | Found a staircase to the Ecumenical Temple.
  1605 | Temple   | Entered the Ecumenical Temple
  1842 | Temple   | Became a worshipper of Warmaster Okawaru
  2209 | D:4      | Found a glowing silver altar of Zin.
  2366 | D:5      | Entered Level 5 of the Dungeon
  2501 | D:4      | Reached XP level 6. HP: 20/37 MP: 10/10
  2670 | D:5      | Gained mutation: You are weak. (Str -2) [potion of
                  | mutation]
  2670 | D:5      | Gained mutation: Your flesh is heat resistant. (rF+)
                  | [potion of mutation]
  2922 | D:4      | Learned a level 2 spell: Song of Slaying
  3264 | D:3      | Found a runed translucent door.
  3264 | D:3      | Noticed Froggeryz's ghost (amateur NaIE)
  3652 | D:3      | Reached skill level 4 in Charms
  4060 | D:5      | Reached skill level 1 in Invocations
  4060 | D:5      | Reached XP level 7. HP: 34/41 MP: 8/11
  4066 | D:5      | Reached * piety under Okawaru
  4162 | D:5      | Found a white marble altar of Elyvilon.
  4345 | D:5      | Found a basalt altar of Yredelemnul.
  4378 | D:5      | Slain by an ice beast

Levels and vault maps discovered:
D:1:      arrival_zaba_pyramid, layout_rooms
D:2:      layout_loops_cross, minmay_misc_feat_nine_boxes
D:3:      minmay_diamond_boxcup, layout_rooms, gammafunk_ghost_grave,
          first_ration
D:4:      layout_rooms, lemuel_doored_altar, minmay_temple_entry_sparse_star
D:5:      layout_gridville, kennysheep_ying_yang, uniq_crazy_yiuf_cottage
Temple:   oiseaux_autumnal_temple

Skill      XL: |  1  2  3  4  5  6 |
---------------+-------------------+-----
Armour         | 2 |  2.1
Charms         | 3 4 |  4.0
Maces & Flails | 3 |  3.9
Hexes          | 1 2 |  2.3
Fighting       | 3 |  3.7
Spellcasting   | 3 |  3.2
Invocations    | 1 |  1.6
Dodging        | |  1.5

Action                   |  1- 3 |  4- 6 |  7- 9 || total
-------------------------+-------+-------+-------++-------
Melee: Mace              |   186 |   428 |    35 ||   649
Throw: Throwing net      |       |     1 |       ||     1
 Cast: Spectral Weapon   |       |     1 |       ||     1
Invok: Heroism           |       |       |     1 ||     1
Evoke: Wand              |       |     1 |     2 ||     3
  Use: Potion            |     2 |     6 |       ||     8
       Scroll            |     1 |    13 |       ||    14
  Eat: Chunk             |     1 |     7 |     1 ||     9
       Ration            |       |     1 |       ||     1
Armor: Ring mail         |   108 |   235 |       ||   343
       Leather armour    |     6 |       |       ||     6
       Chain mail        |       |    46 |    24 ||    70
Dodge: Dodged            |   126 |   316 |    16 ||   458
